Map: Acid Plant LE

Players

Gemini

  • Race: Protoss Protoss
  • Spawn Location: 11:00

PandaBearMe - Winner!

  • Race: Zerg Zerg
  • Spawn Location: 5:00

Event: WCS Austin 2018

VOD

Have the link to the VOD?

Description

Time

  • Played on: June 1, 2018, 3:24 p.m.
  • Length: 7:24

All games in this series

Show
View Real Time Build Order
Export as new Build Order

Gemini Protoss 

Build Orders: 1 Gate Expand, Oracle Opening, Phoenix Opening, Zealot Archon, Archon Drop 

Get SALT Encoding   

  12  0:00  Probe  
  13  0:12  Probe  
  14  0:17  Pylon  
  14  0:24  Probe  
  15  0:33  Probe  
  15  0:38  Gateway  
  15  0:41  Probe  
  16  0:48  Assimilator  
  17  0:51  Probe  
  18  1:03  Probe  
  19  1:22  Nexus  
  19  1:25  Probe  
  20  1:36  Cybernetics Core  
  20  1:39  Probe  
  21  1:47  Assimilator  
  21  1:51  Probe  
  22  1:57  Pylon  
  22  2:03  Probe  
  22  2:06  Adept  
  26  2:15  Probe  
  26  2:22  Stargate  
  26  2:27  Probe  
  26  2:29  Probe  
  27  2:30  Warp Gate  
  28  2:37  Probe  
  28  2:39  Probe  
  29  2:45  Adept  
  29  2:47  Probe  
  32  2:52  Probe  
  33  2:58  Phoenix  
  33  3:00  Probe  
  33  3:04  Probe  
  35  3:12  Probe  
  38  3:14  Pylon  
  38  3:16  Probe  
  39  3:24  Probe  
  40  3:28  Oracle, Probe  
  41  3:34  Gateway  
  41  3:36  Probe, Pylon  
  41  3:38  Assimilator  
  45  3:46  Probe  
  45  3:47  Assimilator  
  45  3:48  Probe  
  47  3:58  Twilight Council, Probe  
  47  4:00  Probe  
  49  4:06  Robotics Facility  
  49  4:10  Probe  
  49  4:14  Probe  
  51  4:19  Gateway  
  51  4:21  Gateway  
  51  4:22  Probe  
  52  4:26  Probe  
  53  4:34  Probe  
  54  4:40  Charge  
  54  4:41  Zealot  
  54  4:42  Zealot  
  58  4:50  Templar Archives  
  58  4:51  Warp Prism  
  58  4:52  Pylon  
  58  5:06  Nexus  
  58  5:09  Probe  
  58  5:11  Pylon  
  59  5:23  Probe  
  59  5:25  Probe  
  59  5:27  Pylon  
  61  5:35  Probe  
  61  5:37  Probe  
  61  5:42  Shield Battery  
  63  5:44  Psionic Storm, Gateway  
  63  5:46  High Templar x2  
  63  5:47  High Templar x2  
  63  5:48  Gateway  
  63  5:49  Observer  
  72  5:50  Archon x2  
  72  5:58  Forge  
  72  6:11  Assimilator  
  72  6:12  Immortal  
  72  6:16  Probe x2  
  72  6:17  Assimilator  
  78  6:22  Pylon  
  78  6:28  Probe x2  
  80  6:32  High Templar  
  80  6:33  High Templar  
  84  6:40  Probe x2  
  84  6:41  Probe  
  87  6:50  High Templar  
  87  6:51  Zealot x2  
  87  6:52  Probe x2  
  87  6:53  Probe  
  96  7:03  Photon Cannon  
  96  7:04  Probe x2  
  96  7:05  Photon Cannon  
  96  7:07  Shield Battery  
  96  7:08  Pylon  
  85  7:15  Archon  
  77  7:16  Zealot x3  
  77  7:17  Zealot  
Show
View Real Time Build Order
Export as new Build Order

PandaBearMe Zerg - Winner!

Build Orders: Hatch First 

Get SALT Encoding   

  12  0:01  Drone  
  13  0:12  Overlord  
  13  0:17  Drone  
  14  0:31  Drone x2  
  16  0:47  Hatchery  
  15  0:51  Drone  
  15  0:54  Drone  
  17  0:57  Drone  
  17  1:01  Extractor  
  17  1:13  Spawning Pool  
  17  1:17  Drone  
  17  1:21  Drone  
  18  1:29  Drone  
  19  1:40  Drone  
  20  1:49  Overlord  
  20  2:01  Queen x2  
  20  2:02  Metabolic Boost  
  24  2:11  Zergling x2  
  24  2:13  Drone x2  
  27  2:19  Drone  
  27  2:22  Drone x2  
  30  2:35  Drone  
  31  2:42  Hatchery  
  30  2:45  Zergling x2  
  31  2:55  Overlord, Drone  
  31  2:56  Drone  
  31  2:57  Drone  
  34  3:01  Queen  
  36  3:14  Overlord, Drone  
  36  3:15  Drone x2  
  36  3:18  Drone  
  36  3:19  Drone  
  41  3:25  Drone x3  
  44  3:35  Drone x2  
  46  3:46  Spore Crawler  
  46  3:48  Overlord, Lair  
  45  3:53  Overlord  
  45  3:56  Drone  
  45  3:57  Drone x3  
  45  3:58  Drone  
  50  4:05  Queen  
  50  4:09  Drone x2  
  54  4:10  Spore Crawler  
  54  4:11  Drone x2  
  54  4:13  Spore Crawler  
  54  4:14  Drone  
  54  4:15  Drone x3  
  58  4:20  Drone x3  
  58  4:23  Drone  
  62  4:29  Drone  
  62  4:34  Drone, Extractor  
  62  4:35  Drone  
  61  4:39  Drone  
  61  4:43  Overlord  
  61  4:44  Drone x2  
  61  4:45  Drone x2  
  66  4:51  Overlord  
  66  4:52  Hydralisk Den  
  64  4:54  Overlord  
  64  4:55  Drone  
  64  4:57  Extractor  
  63  5:01  Extractor x2  
  63  5:02  Drone x3  
  63  5:06  Queen  
  64  5:09  Overlord, Zergling x4  
  68  5:23  Hydralisk x4  
  68  5:24  Hydralisk  
  68  5:25  Hydralisk  
  68  5:26  Zergling x8  
  84  5:33  Overlord  
  84  5:38  Overlord, Muscular Augments  
  84  5:39  Drone  
  85  5:51  Hydralisk x5  
  85  5:55  Hatchery, Hydralisk  
  96  5:59  Drone x4  
  96  6:02  Drone  
  96  6:03  Evolution Chamber  
  100  6:04  Drone  
  100  6:10  Hydralisk x3  
  107  6:17  Hydralisk  
  107  6:18  Hydralisk x2  
  109  6:24  Overlord  
  110  6:31  Drone x4  
  110  6:32  Overlord x2  
  113  6:33  Zergling x2  
  112  6:45  Zergling x4  
  112  6:46  Baneling Nest, Zergling x4  
  112  6:47  Zergling x4  
  116  6:53  Hydralisk  
  119  6:54  Zergling x4  
  119  6:55  Zergling x4  
  119  6:56  Hydralisk  
  119  6:59  Hydralisk  
Tags
 
Add a new tag
Caveats
  • Supply blocks, unpowered buildings, or Contaminate may cause inaccurate times.
  • Supply counts are checked every 10 seconds.